[Event "Titled Tuesday Blitz February 14 Late 2023"]
[White "CheckBits"]
[Black "Toncheva, Nadya"]
[BlackFideId "2924056"]
[WhiteElo "2468"]
[BlackElo "2295"]
[Result "0-1"]
[Round "10"]
[TimeControl "180+2"]
[Date "2023.02.14"]
[WhiteClock "0:00:02"]
[BlackClock "0:00:05"]

1. d4 d5 2. Bf4 c5 3. e3 Nc6 4. Nf3 Nf6 5. Nbd2 Qb6 6. dxc5 Qxb2 7. Rb1 Qc3 8. Rb3 Qxc5 9. c4 e6 10. Be2 Be7 11. O-O O-O 12. Rb5 Qa3 13. Qb1 a6 14. Rb3 Qa5 15. Rc1 Qd8 16. h3 Na5 17. Rd3 Bd7 18. cxd5 Nxd5 19. Rxd5 exd5 20. Bc7 Qe8 21. Bxa5 Rc8 22. Bc3 Ba3 23. Bb2 Bxb2 24. Qxb2 Bf5 25. Nd4 Bg6 26. Bg4 Rxc1+ 27. Qxc1 Qa4 28. a3 h5 29. Bf3 Qd7 30. N2b3 Rc8 31. Qd2 b6 32. Qb4 Qc7 33. h4 Be4 34. g3 Bxf3 35. Nxf3 a5 36. Qd4 Qd6 37. Kg2 Rc4 38. Qd3 Qxa3 39. Ng5 Qd6 40. Qh7+ Kf8 41. Qxh5 Qg6 42. Qh8+ Ke7 43. Nd4 Rc7 44. Qb8 Qd6 45. Qg8 Qf6 46. Qb8 Rd7 0-1


[Site "https://www.chess.com"]

[Event "Titled Tuesday Blitz February 14 Late 2023"]
[White "Martic, Ivan"]
[Black "Machidon, Cristi"]
[WhiteFideId "929301"]
[BlackFideId "13904590"]
[WhiteElo "2301"]
[BlackElo "2301"]
[Result "1-0"]
[Round "10"]
[TimeControl "180+2"]
[Date "2023.02.14"]
[WhiteClock "0:00:21"]
[BlackClock "0:00:04"]

1. e4 Nc6 2. Nf3 e5 3. Bc4 Bc5 4. b4 Bxb4 5. c3 Be7 6. d4 Na5 7. Be2 d6 8. O-O Nf6 9. Qc2 Nc6 10. Na3 Bg4 11. Rd1 Bxf3 12. Bxf3 O-O 13. Rb1 Rb8 14. d5 Na5 15. c4 Nd7 16. Bd2 c6 17. Bc3 cxd5 18. cxd5 Nc5 19. Rb5 b6 20. Bxa5 bxa5 21. Be2 a6 22. Rxb8 Qxb8 23. Rb1 Qc7 24. Nc4 Rc8 25. g3 g6 26. Rb6 a4 27. Rc6 Qb8 28. Na5 Bd8 29. Rxc8 Qxc8 30. Nc6 Kg7 31. Qb1 Bf6 32. h4 Qh3 33. Qd1 h5 34. Qb1 a3 35. Bf3 Bxh4 36. Bg2 Qg4 37. gxh4 Qxh4 38. Qe1 Qf4 39. Qe3 Qxe3 40. fxe3 Na4 41. Bf1 Nc3 42. Bc4 Nxe4 43. Bxa6 f5 44. Na5 Nc3 45. Bc4 h4 46. Nb7 Ne4 47. Bd3 Nc3 48. Bc4 Nd1 49. Nxd6 Nxe3 50. Bb3 Kf6 51. Nb5 e4 52. d6 f4 53. Nc3 h3 54. Nxe4+ Ke5 55. d7 Kxe4 56. d8=Q 1-0


[Site "https://www.chess.com"]

[Event "Titled Tuesday Blitz February 14 Late 2023"]
[White "Bilan, Danila"]
[Black "Buchenau, Frank"]
[WhiteFideId "24161918"]
[BlackFideId "4604350"]
[WhiteElo "2303"]
[BlackElo "2222"]
[Result "0-1"]
[Round "10"]
[TimeControl "180+2"]
[Date "2023.02.14"]
[WhiteClock "0:01:23"]
[BlackClock "0:01:12"]

1. d4 e6 2. Nf3 Nf6 3. g3 b6 4. Bg2 Bb7 5. O-O Be7 6. c4 O-O 7. d5 exd5 8. Nh4 c6 9. cxd5 Nxd5 10. Nf5 Bf6 11. e4 Nc7 12. Nc3 d5 13. Bf4 Bc8 14. Nd6 Ne6 15. Nxc8 Nxf4 16. gxf4 Bxc3 17. bxc3 Qxc8 18. exd5 Na6 19. dxc6 Qf5 20. c7 Rae8 21. Bc6 Qg6+ 0-1


[Site "https://www.chess.com"]

[Event "Titled Tuesday Blitz February 14 Late 2023"]
[White "Novikov, Evgenij"]
[Black "Vaglio Munoz, Jaime"]
[WhiteFideId "4125380"]
[BlackFideId "6500145"]
[WhiteElo "2276"]
[BlackElo "2174"]
[Result "1-0"]
[Round "10"]
[TimeControl "180+2"]
[Date "2023.02.14"]
[WhiteClock "0:00:23"]
[BlackClock "0:00:14"]

1. c4 c6 2. Nf3 b5 3. e3 bxc4 4. Bxc4 d5 5. Be2 g6 6. Nc3 Bg7 7. b3 e5 8. d4 exd4 9. exd4 Ne7 10. O-O O-O 11. Bf4 Nd7 12. Rc1 Nf5 13. Na4 Bb7 14. Qd2 Re8 15. Rfe1 h5 16. Bf1 Qf6 17. Bg5 Qd6 18. Bf4 Qa3 19. Rcd1 Bf8 20. Qc2 Rac8 21. Rxe8 Rxe8 22. Bd3 Ng7 23. Ne5 Nxe5 24. Bxe5 Ne6 25. Bxg6 fxg6 26. Qxg6+ Ng7 27. Bxg7 Bxg7 28. Qxe8+ Kh7 29. Qxh5+ Kg8 30. Nc5 Qxa2 31. Nxb7 Qxb3 32. Nc5 Qb2 33. Ne6 Bxd4 34. Qe8+ Kh7 35. Qf7+ Kh8 36. Nxd4 c5 37. Qf8+ Kh7 38. Qxc5 a5 39. Qxd5 a4 40. Nf5 a3 41. Qf7+ Kh8 42. Rd8# 1-0


[Site "https://www.chess.com"]

[Event "Titled Tuesday Blitz February 14 Late 2023"]
[White "Rios Escobar, Adan"]
[Black "Ramirez Allo, Eduardo"]
[WhiteFideId "3403645"]
[BlackFideId "2224178"]
[WhiteElo "2234"]
[BlackElo "2274"]
[Result "1-0"]
[Round "10"]
[TimeControl "180+2"]
[Date "2023.02.14"]
[WhiteClock "0:00:04"]
[BlackClock "0:00:05"]

1. d4 Nf6 2. g3 c5 3. d5 d6 4. c4 b5 5. cxb5 a6 6. bxa6 g6 7. Nc3 Bg7 8. Nf3 O-O 9. Bg2 Bxa6 10. O-O Nbd7 11. Rb1 Qb6 12. Qc2 Rfb8 13. b3 Ne8 14. Bb2 Nc7 15. Na4 Qa5 16. Bxg7 Kxg7 17. Rfd1 f6 18. h4 h5 19. Bh3 Nf8 20. g4 hxg4 21. Bxg4 Bb5 22. Nc3 Bd7 23. Bxd7 Nxd7 24. h5 Rh8 25. Qxg6+ Kf8 26. Qd3 Rxh5 27. Kg2 Kf7 28. Rg1 Rg8+ 29. Kf1 Rxg1+ 30. Kxg1 Qb4 31. Ne4 Nxd5 32. Nfg5+ fxg5 33. Qxd5+ e6 34. Nxg5+ Kf6 35. Qxe6+ Kxg5 36. Qxd7 Qe4 37. Qg7+ Kf5 38. Qf7+ Kg5 39. Qg7+ Kf5 40. Qf7+ Kg5 41. f4+ Kh4 42. Kf2 Qxb1 43. Qf6+ Kh3 44. Qe6+ Qf5 45. Qe3+ Kh2 46. Qg3+ Kh1 47. Qg1# 1-0


[Site "https://www.chess.com"]

[Event "Titled Tuesday Blitz February 14 Late 2023"]
[White "Guzman Moneo, Alberto"]
[Black "Tworuszka, Michal"]
[WhiteFideId "2209616"]
[BlackFideId "1117858"]
[WhiteElo "2170"]
[BlackElo "2260"]
[Result "1/2-1/2"]
[Round "10"]
[TimeControl "180+2"]
[Date "2023.02.14"]
[WhiteClock "0:00:29"]
[BlackClock "0:00:22"]

1. Nf3 d5 2. g3 Nd7 3. d4 Nb6 4. Bg2 Nf6 5. O-O Bf5 6. b3 e6 7. Bf4 c6 8. a4 a5 9. Nbd2 Bd6 10. Bxd6 Qxd6 11. c4 Qb4 12. Nh4 dxc4 13. Nxf5 exf5 14. bxc4 Nxc4 15. Nxc4 Qxc4 16. Rc1 Qe6 17. Rb1 Ra7 18. Qd3 O-O 19. Rfc1 Rd8 20. e3 g6 21. h4 h5 22. Qc2 Qd6 23. Rb6 Nd5 24. Bxd5 Qxd5 25. Qb2 Rd7 26. Rc5 Qf3 27. Re5 Rd8 28. Rxb7 Rxb7 29. Qxb7 Qd1+ 30. Kg2 Qxa4 31. Qc7 Ra8 32. Qb7 Rf8 33. Qc7 Ra8 34. Qb7 Rf8 35. Qc7 Ra8 1/2-1/2


[Site "https://www.chess.com"]

[Event "Titled Tuesday Blitz February 14 Late 2023"]
[White "Lopez Perdomo, Juan David"]
[Black "Tanenbaum, Zachary"]
[WhiteFideId "4405137"]
[BlackFideId "2060850"]
[WhiteElo "2029"]
[BlackElo "2261"]
[Result "0-1"]
[Round "10"]
[TimeControl "180+2"]
[Date "2023.02.14"]
[WhiteClock "0:00:04"]
[BlackClock "0:01:40"]

1. e4 e5 2. Nf3 Nc6 3. Bb5 a6 4. Ba4 d6 5. h3 b5 6. Bb3 Na5 7. d4 exd4 8. Bd5 c6 9. Bb3 Nf6 10. O-O Be7 11. c3 Nxb3 12. axb3 dxc3 13. bxc3 Nxe4 14. Re1 d5 15. c4 Bf6 16. cxd5 cxd5 17. Ra2 O-O 18. Bb2 Be6 19. Bxf6 Qxf6 20. Rc2 a5 21. Nbd2 Nc3 22. Qa1 Rfc8 23. Ne5 Ne2+ 24. Rxe2 Rxc2 25. Ne4 dxe4 26. Rxc2 Bxb3 27. Rc6 Qd8 28. Rc3 Qd1+ 29. Qxd1 Bxd1 30. Re3 a4 31. Rxe4 a3 0-1


[Site "https://www.chess.com"]

[Event "Titled Tuesday Blitz February 14 Late 2023"]
[White "Di Berardino, Diego Rafael"]
[Black "Fernandez Garcia, Gumersindo"]
[WhiteFideId "2105446"]
[BlackFideId "24516740"]
[WhiteElo "2479"]
[BlackElo "2160"]
[Result "1-0"]
[Round "10"]
[TimeControl "180+2"]
[Date "2023.02.14"]
[WhiteClock "0:00:03"]
[BlackClock "0:00:02"]

1. d4 Nf6 2. Nf3 e6 3. Bg5 c5 4. e3 b6 5. d5 d6 6. c4 Be7 7. dxe6 fxe6 8. Nc3 O-O 9. Bd3 h6 10. Bh4 Bb7 11. O-O d5 12. Ne5 d4 13. exd4 cxd4 14. Ne2 Nbd7 15. Ng6 Re8 16. Nxe7+ Rxe7 17. Nxd4 Nc5 18. Bc2 e5 19. Bxf6 gxf6 20. Nf5 Qxd1 21. Nxe7+ Kf7 22. Rfxd1 Kxe7 23. b4 Ne6 24. Rac1 Nd4 25. Bd3 f5 26. f3 Kf6 27. Kf2 Rd8 28. c5 e4 29. Bb1 Ke5 30. c6 Bxc6 31. Rxd4 Rxd4 32. Rxc6 Rd2+ 33. Ke1 Rxg2 34. fxe4 fxe4 35. Bc2 Rxh2 36. Rc3 Kd4 37. Rc7 h5 38. b5 h4 39. Kf1 h3 40. Bb3 Rd2 41. Rh7 h2 42. Rh3 Rb2 43. Ke1 e3 44. Bd1 Rg2 45. Bf3 Rxa2 46. Be2 Ra1+ 47. Bd1 Ra2 48. Be2 Ra1+ 49. Bd1 Rb1 50. Rxh2 Rxb5 51. Rh4+ Kc3 52. Re4 Kd3 53. Re8 Rb2 54. Rd8+ Kc3 55. Be2 Rb1+ 56. Bd1 a5 57. Ke2 b5 58. Rd3+ Kc4 59. Rxe3 Rb2+ 60. Ke1 b4 61. Re5 a4 62. Bxa4 Kd4 63. Rb5 Kc3 64. Bd1 Rb1 65. Ke2 Rb2+ 66. Ke3 Rb1 67. Be2 b3 68. Bd3 Rd1 69. Rc5+ Kb4 70. Rc4+ Ka3 71. Rc3 Ka2 72. Bc4 Re1+ 73. Kd4 Rd1+ 74. Kc5 Rb1 75. Kb4 Ka1 76. Bxb3 1-0


[Site "https://www.chess.com"]

[Event "Titled Tuesday Blitz February 14 Late 2023"]
[White "Forgacs, Attila Jr."]
[Black "Koellner, Ruben Gideon"]
[WhiteFideId "773654"]
[BlackFideId "12993093"]
[WhiteElo "2264"]
[BlackElo "2426"]
[Result "0-1"]
[Round "10"]
[TimeControl "180+2"]
[Date "2023.02.14"]
[WhiteClock "0:00:02"]
[BlackClock "0:00:38"]

1. e4 d6 2. d4 Nf6 3. Nc3 e5 4. Nf3 Nbd7 5. Rg1 c6 6. g4 h6 7. Be3 b5 8. a3 Qa5 9. Nd2 Bb7 10. Nb3 Qc7 11. Qd2 a6 12. h4 c5 13. dxc5 dxc5 14. g5 hxg5 15. hxg5 Nxe4 16. Nxe4 Bxe4 17. O-O-O O-O-O 18. f4 c4 19. Na5 Bc5 20. b4 cxb3 21. Bxc5 Nxc5 22. Qb4 Rxd1+ 23. Kxd1 bxc2+ 24. Kc1 Qxa5 25. Qxc5+ Qc7 26. Qe3 Bf5 27. fxe5 Kb8 28. Bd3 Bxd3 29. Qxd3 Rc8 30. Rf1 Qxe5 31. Qb3 Qa1+ 32. Kd2 c1=Q+ 33. Rxc1 Qxc1+ 34. Kd3 Qc4+ 35. Qxc4 Rxc4 36. g6 fxg6 37. a4 Rxa4 0-1


[Site "https://www.chess.com"]

[Event "Titled Tuesday Blitz February 14 Late 2023"]
[White "Kleiman, Jake"]
[Black "Lorenzo De La Riva, Lazaro"]
[WhiteFideId "2020041"]
[BlackFideId "2268809"]
[WhiteElo "2399"]
[BlackElo "2404"]
[Result "1-0"]
[Round "10"]
[TimeControl "180+2"]
[Date "2023.02.14"]
[WhiteClock "0:00:34"]
[BlackClock "0:00:04"]

1. d4 d6 2. e4 e5 3. Nf3 Nd7 4. Bc4 c6 5. dxe5 dxe5 6. Ng5 Nh6 7. O-O Bc5 8. Nc3 b5 9. Bb3 O-O 10. h3 Kh8 11. Qh5 Qf6 12. Be3 Qg6 13. Qe2 Be7 14. Nf3 Qh5 15. Rad1 Nf6 16. Rfe1 a5 17. a4 b4 18. Nb1 Nhg8 19. Nbd2 h6 20. Nf1 Nxe4 21. Bb6 f5 22. Nxe5 Qxe2 23. Ng6+ Kh7 24. Nxf8+ Bxf8 25. Rxe2 Ngf6 26. Bc4 Ba6 27. Bxa6 Rxa6 28. Bd4 c5 29. Bxf6 Nxf6 30. Re5 Kg6 31. Rd8 Bd6 32. Re2 c4 33. Ne3 b3 34. c3 Rc6 35. Nxc4 Bf4 36. Ne5+ 1-0


[Site "https://www.chess.com"]

[Event "Titled Tuesday Blitz February 14 Late 2023"]
[White "Kielinkei"]
[Black "Chor, Kevin"]
[BlackFideId "2090740"]
[WhiteElo "2399"]
[BlackElo "1944"]
[Result "0-1"]
[Round "10"]
[TimeControl "180+2"]
[Date "2023.02.14"]
[WhiteClock "0:00:09"]
[BlackClock "0:01:07"]

1. d4 Nf6 2. c4 g6 3. Nc3 Bg7 4. e4 d6 5. Be2 O-O 6. Be3 Na6 7. Qd2 e5 8. d5 Nc5 9. f3 a5 10. g4 c6 11. O-O-O cxd5 12. cxd5 Bd7 13. Kb1 Qe8 14. h4 b5 15. Bd3 b4 16. Nce2 Nxd3 17. Qxd3 Bb5 18. Qd2 Rc8 19. h5 Qd7 20. hxg6 fxg6 21. Nh3 Nxe4 22. fxe4 Qxg4 23. Ng5 Qxe2 24. Qxe2 Bxe2 25. Rd2 Bf3 26. Rhh2 Bxe4+ 0-1


[Site "https://www.chess.com"]

[Event "Titled Tuesday Blitz February 14 Late 2023"]
[White "Fernandez, Maria Florencia"]
[Black "Reprintsev, Alexander"]
[WhiteFideId "116459"]
[BlackFideId "14100541"]
[WhiteElo "2129"]
[BlackElo "2253"]
[Result "0-1"]
[Round "10"]
[TimeControl "180+2"]
[Date "2023.02.14"]
[WhiteClock "0:00:01"]
[BlackClock "0:01:00"]

1. d4 d5 2. c4 e5 3. cxd5 Qxd5 4. e3 exd4 5. exd4 Nc6 6. Nf3 Bg4 7. Be3 Bxf3 8. Qxf3 Qxf3 9. gxf3 Bb4+ 10. Nc3 Nge7 11. O-O-O Nf5 12. Bb5 O-O 13. a3 Bxc3 14. bxc3 Nce7 15. c4 c6 16. Ba4 b5 17. Bb3 bxc4 18. Bxc4 Nd5 19. Rd3 Nd6 20. Ba2 Rab8 21. Rhd1 h6 22. R1d2 Rfe8 23. Rc2 Nf5 24. Bxd5 cxd5 25. Rc5 Red8 26. Rdc3 g5 27. Rc7 a5 28. Ra7 Rb5 29. Rc5 Rxc5+ 30. dxc5 d4 31. Bd2 Rc8 32. Rxa5 Nh4 33. Bb4 Nxf3 34. Ra7 Nxh2 35. Rd7 Ng4 36. Rxd4 Nxf2 37. Rd7 h5 38. Kd2 Ne4+ 39. Ke3 Nxc5 40. Rd5 Ne6 41. a4 Kg7 42. a5 Ra8 43. Rd7 Kg6 44. Bc3 h4 45. Rd6 h3 46. Be5 Rxa5 47. Bh2 Kf5 48. Kf2 Ra3 49. Kg1 Ke4 50. Rd7 f5 51. Rh7 g4 52. Re7 Kf3 53. Be5 Nf4 54. Bxf4 Kxf4 55. Re2 g3 0-1


[Site "https://www.chess.com"]

[Event "Titled Tuesday Blitz February 14 Late 2023"]
[White "Rian, Kapriaga"]
[Black "Hajiyev, Kanan"]
[WhiteFideId "7103263"]
[BlackFideId "13404148"]
[WhiteElo "2089"]
[BlackElo "2197"]
[Result "1/2-1/2"]
[Round "10"]
[TimeControl "180+2"]
[Date "2023.02.14"]
[WhiteClock "0:00:08"]
[BlackClock "0:00:43"]

1. d4 d5 2. Nf3 c5 3. e3 cxd4 4. exd4 Nf6 5. Be2 Nc6 6. O-O Bf5 7. c3 e6 8. Nh4 Be4 9. Nd2 Bg6 10. Nxg6 hxg6 11. Nf3 Bd6 12. h3 Ne4 13. Nd2 f5 14. Nxe4 dxe4 15. f3 exf3 16. Bxf3 Bc7 17. Qa4 Qd6 18. Bxc6+ Qxc6 19. Qxc6+ bxc6 20. Bf4 Bxf4 21. Rxf4 Rb8 22. Rf2 Kd7 23. b4 a5 24. Rb2 Rb7 25. a4 Rhb8 26. Rab1 axb4 27. Rxb4 Rxb4 28. Rxb4 Ra8 29. h4 Kd6 30. Kf2 c5 31. Rc4 cxd4 32. cxd4 Rb8 33. Kf3 Rb2 34. g3 Kd5 35. Rc7 Kd6 36. Rxg7 Rb3+ 37. Kf4 Rb4 38. Rxg6 Rxd4+ 39. Kf3 Rxa4 40. h5 Ke5 41. h6 Ra3+ 42. Kf2 Ra2+ 43. Kf3 Rh2 44. g4 Rh3+ 45. Kg2 fxg4 46. Rxg4 Rxh6 47. Kf2 Kf5 48. Ra4 Rh2+ 49. Ke3 Rb2 50. Rc4 Rb3+ 51. Ke2 Ke5 52. Ra4 Kd5 53. Rh4 Rc3 54. Rg4 Rc4 55. Rxc4 Kxc4 56. Ke3 Kd5 57. Kd3 Ke5 58. Ke3 Kf5 59. Kf3 Kf6 60. Kf4 Ke7 61. Ke5 Kd7 62. Ke4 Kc6 63. Ke5 Kd7 64. Ke4 Kd6 65. Kd4 e5+ 66. Ke4 Ke6 67. Ke3 Kf6 68. Ke4 Ke6 69. Ke3 Kd6 70. Ke4 Ke6 1/2-1/2


[Site "https://www.chess.com"]

[Event "Titled Tuesday Blitz February 14 Late 2023"]
[White "ArchibaldCerveza29"]
[Black "Figorito, Nick"]
[BlackFideId "30923689"]
[WhiteElo "2469"]
[BlackElo "2036"]
[Result "0-1"]
[Round "10"]
[TimeControl "180+2"]
[Date "2023.02.14"]
[WhiteClock "0:00:07"]
[BlackClock "0:00:12"]

1. e4 e6 2. d4 d5 3. Nd2 Nf6 4. Bd3 c5 5. c3 Nc6 6. Ngf3 dxe4 7. Nxe4 Nxe4 8. Bxe4 cxd4 9. cxd4 Bb4+ 10. Bd2 Qa5 11. O-O Bxd2 12. Nxd2 O-O 13. Nc4 Qb4 14. Rc1 Bd7 15. a3 Qe7 16. Re1 Qf6 17. Nd6 Rab8 18. d5 exd5 19. Bxd5 Qxb2 20. Nxf7 Be8 21. Rc2 Qf6 22. Nd8+ Kh8 23. Rxe8 Rxe8 24. Nf7+ Kg8 25. Nd6+ Kh8 26. Nxe8 Rxe8 27. g3 Rd8 28. Qf3 Qxf3 29. Bxf3 Nd4 30. Rc3 Rf8 31. Bxb7 Ne2+ 32. Kg2 Nxc3 33. Bc6 Rc8 34. Bd7 Rd8 35. Bf5 Nb5 36. a4 Nc3 37. Bc2 Rd2 38. Bb3 Rb2 39. Be6 Nxa4 40. h4 Nc5 41. Bd5 a5 42. h5 h6 43. g4 a4 44. g5 hxg5 45. h6 gxh6 46. Kg3 a3 47. f4 gxf4+ 48. Kg4 a2 49. Be4 a1=Q 50. Kh5 Qg1 51. Bg2 Rxg2 52. Kh4 Rh2# 0-1


[Site "https://www.chess.com"]

[Event "Titled Tuesday Blitz February 14 Late 2023"]
[White "Hoffmann, Asa"]
[Black "Womacka, Mathias"]
[WhiteFideId "2001470"]
[BlackFideId "4611390"]
[WhiteElo "2185"]
[BlackElo "2396"]
[Result "0-1"]
[Round "10"]
[TimeControl "180+2"]
[Date "2023.02.14"]
[WhiteClock "0:00:44"]
[BlackClock "0:00:31"]

1. d4 Nf6 2. Bg5 Ne4 3. Bf4 c5 4. f3 Qa5+ 5. c3 Nf6 6. d5 Qb6 7. e4 Qxb2 8. Nd2 Qxc3 9. Bc7 d6 10. Rb1 Qe3+ 11. Ne2 g6 12. Nc4 Qh6 13. Ba5 g5 14. Bd2 Qg6 15. Qa4+ Nbd7 16. Nb6 Rb8 17. Qxa7 Bg7 18. Ng3 O-O 19. Nf5 Re8 20. Bb5 Nxb6 21. Bxe8 Ra8 22. Qxb6 Bxf5 23. exf5 Qxf5 24. Bxf7+ Kxf7 25. O-O Rxa2 26. Rbd1 Qxd5 27. Be3 Qc4 28. Qxb7 h6 29. Bf2 Nh5 30. Rfe1 Bf6 31. Qd5+ Qxd5 32. Rxd5 Nf4 33. Rdd1 c4 34. Rc1 Nd3 35. Ra1 Rxa1 0-1


[Site "https://www.chess.com"]

[Event "Titled Tuesday Blitz February 14 Late 2023"]
[White "Gasparyan, David"]
[Black "Prieto Aranguren, Alain"]
[WhiteFideId "13311980"]
[BlackFideId "2268906"]
[WhiteElo "2142"]
[BlackElo "2258"]
[Result "0-1"]
[Round "10"]
[TimeControl "180+2"]
[Date "2023.02.14"]
[WhiteClock "0:00:02"]
[BlackClock "0:00:12"]

1. d4 a6 2. c4 c6 3. Nc3 d5 4. e4 dxc4 5. Bxc4 e5 6. dxe5 Qxd1+ 7. Nxd1 Nd7 8. f4 b5 9. Bb3 f6 10. exf6 Ngxf6 11. e5 Nd5 12. Nf3 N7b6 13. O-O Bc5+ 14. Kh1 Nc4 15. Nf2 O-O 16. Nd3 Bb6 17. a4 Bf5 18. Nf2 Na5 19. Ba2 bxa4 20. h3 Nb3 21. Bxb3 axb3 22. g4 Bc8 23. f5 a5 24. Ne4 Ba6 25. Re1 Nb4 26. Rd1 Be2 27. Nfg5 Bxd1 28. e6 h6 29. Bd2 Be2 30. Re1 Bd3 31. Bxb4 axb4 32. Nf3 Bxe4 33. Rxe4 Ra1+ 34. Kg2 Ra2 35. Re2 c5 36. Ne5 Bc7 37. Nd7 c4 38. Nxf8 Kxf8 39. Re4 Rxb2+ 40. Kf3 Rc2 41. h4 b2 42. g5 b1=Q 43. f6 Qf1+ 44. Kg4 Rg2+ 45. Kh5 Qf3+ 46. Kg6 Qxe4+ 47. Kh5 Qxe6 48. g6 Qf5# 0-1


[Site "https://www.chess.com"]

[Event "Titled Tuesday Blitz February 14 Late 2023"]
[White "Seletsky, Grigory"]
[Black "Smith, Garrett L"]
[WhiteFideId "14112191"]
[BlackFideId "2024829"]
[WhiteElo "2259"]
[BlackElo "2047"]
[Result "0-1"]
[Round "10"]
[TimeControl "180+2"]
[Date "2023.02.14"]
[WhiteClock "0:01:18"]
[BlackClock "0:00:17"]

1. e4 c5 2. Nc3 Nc6 3. d3 d6 4. Be3 Nf6 5. h3 g6 6. g4 Bg7 7. Qd2 Nd4 8. Nce2 Nxe2 9. Nxe2 h5 10. g5 Nd7 11. c3 b5 12. Bg2 Rb8 13. O-O Ne5 14. f4 Nd7 15. d4 b4 16. e5 bxc3 17. bxc3 dxe5 18. dxe5 O-O 19. Rab1 Ba6 20. Rfd1 Rxb1 21. Rxb1 Qc7 22. Ng3 Rd8 23. Qf2 Bf8 24. Ne4 e6 25. Rd1 Bc4 26. Nd6 Bxd6 27. Rxd6 Bb5 28. Kh2 Rc8 29. Qd2 Nb6 30. Bf2 Nc4 31. Qd1 Nxd6 32. exd6 Qd7 33. f5 exf5 34. Bg3 Re8 35. Qd5 Re2 36. Be5 Bc6 0-1


[Site "https://www.chess.com"]

[Event "Titled Tuesday Blitz February 14 Late 2023"]
[White "Mikhalsky, Vladimir"]
[Black "Sabar, Ethmane Daouda"]
[WhiteFideId "14144352"]
[BlackFideId "19600097"]
[WhiteElo "2219"]
[BlackElo "2040"]
[Result "1-0"]
[Round "10"]
[TimeControl "180+2"]
[Date "2023.02.14"]
[WhiteClock "0:00:41"]
[BlackClock "0:01:08"]

1. d4 d5 2. c4 e5 3. dxe5 d4 4. Nf3 Nc6 5. g3 Bg4 6. Nbd2 Qe7 7. Bg2 O-O-O 8. h3 Bxf3 9. Nxf3 Nxe5 10. O-O Nxf3+ 11. Bxf3 Nf6 12. Bf4 h6 13. b4 g5 14. Bd2 Ne4 15. Qc2 f5 16. c5 Bg7 17. c6 b6 18. Bxe4 Qxe4 19. Qa4 Kb8 20. b5 Ka8 21. Qb3 Qxe2 22. Bb4 d3 23. Rae1 Qc2 24. Qf7 Qb2 25. Qxc7 Rb8 26. Re7 Qxa2 27. Bd6 1-0


[Site "https://www.chess.com"]

[Event "Titled Tuesday Blitz February 14 Late 2023"]
[White "Slade, Theodore"]
[Black "Djordjevic, Dejan N"]
[WhiteFideId "426547"]
[BlackFideId "913316"]
[WhiteElo "1995"]
[BlackElo "2167"]
[Result "1-0"]
[Round "10"]
[TimeControl "180+2"]
[Date "2023.02.14"]
[WhiteClock "0:01:38"]
[BlackClock "0:00:57"]

1. d4 Nf6 2. c4 g6 3. Nc3 d6 4. e4 Bg7 5. Nf3 O-O 6. Be2 Nc6 7. d5 Nb4 8. O-O c5 9. Bf4 Nh5 10. Bg5 h6 11. Be3 Kh7 12. h3 Na6 13. Ne1 Nf6 14. Nd3 Nd7 15. f4 Rb8 16. Qd2 Nc7 17. Kh2 a6 18. a4 b6 19. Rae1 Rb7 20. f5 Nf6 21. fxg6+ fxg6 22. e5 Nd7 23. Rxf8 Qxf8 24. e6 Nf6 25. Nf4 g5 26. Qc2+ Kg8 27. Nh5 Qe8 28. Nxf6+ Bxf6 29. Qf5 b5 30. Bd3 Qh5 31. g4 Qe8 32. Qh7+ Kf8 33. Qxh6+ Kg8 34. Bh7+ 1-0


[Site "https://www.chess.com"]

[Event "Titled Tuesday Blitz February 14 Late 2023"]
[White "Delorme, Alban"]
[Black "Papayan, Oleg"]
[WhiteFideId "623636"]
[BlackFideId "4193911"]
[WhiteElo "2298"]
[BlackElo "2253"]
[Result "0-1"]
[Round "10"]
[TimeControl "180+2"]
[Date "2023.02.14"]
[WhiteClock "0:01:10"]
[BlackClock "0:01:15"]

1. e4 d5 2. exd5 Qxd5 3. Nc3 Qd8 4. d4 c6 5. Nf3 Bf5 6. Bc4 e6 7. O-O Nd7 8. Ne5 Nxe5 9. dxe5 Qxd1 10. Rxd1 Bxc2 11. Re1 Ne7 12. Bg5 h6 13. Be3 Nd5 14. Bxd5 exd5 15. Rac1 Bf5 16. h3 h5 17. Na4 b6 18. Rxc6 Bd7 19. Nxb6 Bxc6 20. Nxa8 Bxa8 21. Bxa7 Kd7 22. Rc1 Rh6 23. Be3 Rc6 24. Rd1 Rc2 25. Bd4 Bc5 26. Bxc5 Rxc5 27. Rd3 Rc2 28. Ra3 Bc6 29. Ra7+ Ke6 30. b4 d4 31. a4 d3 32. Kf1 Rc1# 0-1


[Site "https://www.chess.com"]

[Event "Titled Tuesday Blitz February 14 Late 2023"]
[White "Ruiz Aguilar, Pablo Alexander"]
[Black "Rottenwohrer Suarez, Juan"]
[WhiteFideId "4401352"]
[BlackFideId "32068182"]
[WhiteElo "2161"]
[BlackElo "2265"]
[Result "0-1"]
[Round "10"]
[TimeControl "180+2"]
[Date "2023.02.14"]
[WhiteClock "0:00:02"]
[BlackClock "0:00:03"]

1. e4 c5 2. Nf3 g6 3. d4 cxd4 4. Nxd4 Nc6 5. Nc3 Bg7 6. Be3 Nf6 7. Bc4 O-O 8. Bb3 Re8 9. f4 d6 10. h3 a6 11. O-O Na5 12. Qd3 b5 13. Rae1 Nxb3 14. axb3 Bb7 15. Bf2 e5 16. Nde2 b4 17. Nd5 Nxd5 18. exd5 e4 19. Qc4 a5 20. Qb5 Ba6 21. Qa4 Rc8 22. c4 bxc3 23. Nxc3 Bxf1 24. Kxf1 f5 25. Nb5 Rc2 26. Nxd6 Rf8 27. Nc4 Qxd5 28. Be3 Qd3+ 29. Kg1 Bd4 30. Bxd4 Qxd4+ 31. Kh1 e3 32. Rxe3 Rc1+ 33. Kh2 Qxf4+ 34. Rg3 Rh1+ 35. Kxh1 Qxg3 36. Qxa5 f4 37. Qd5+ Kg7 38. Qe5+ Kh6 39. Qe7 Ra8 40. Na3 Rc8 0-1


[Site "https://www.chess.com"]

[Event "Titled Tuesday Blitz February 14 Late 2023"]
[White "Fajdetic, Hrvoje"]
[Black "Meunier-Pion, Jean"]
[WhiteFideId "14501945"]
[BlackFideId "20685327"]
[WhiteElo "2151"]
[BlackElo "2215"]
[Result "0-1"]
[Round "10"]
[TimeControl "180+2"]
[Date "2023.02.14"]
[WhiteClock "0:02:25"]
[BlackClock "0:02:04"]

1. f4 d5 2. Nf3 Nf6 3. e3 g6 4. Be2 Bg7 5. O-O O-O 6. d3 c5 7. Qe1 Nc6 8. Qh4 Bg4 9. Nc3 d4 10. Ne4 Bxf3 11. Bxf3 dxe3 12. Bxe3 Nd4 13. Bd1 Nf5 14. Qf2 Nxe4 0-1


[Site "https://www.chess.com"]

[Event "Titled Tuesday Blitz February 14 Late 2023"]
[White "Miszler, Levente"]
[Black "Alfaro, William"]
[WhiteFideId "763276"]
[BlackFideId "6100457"]
[WhiteElo "2271"]
[BlackElo "2134"]
[Result "1-0"]
[Round "10"]
[TimeControl "180+2"]
[Date "2023.02.14"]
[WhiteClock "0:02:09"]
[BlackClock "0:02:21"]

1. Nf3 Nf6 2. c4 g6 3. g3 Bg7 4. Bg2 O-O 5. O-O c5 6. Nc3 Nc6 7. d3 d6 8. a3 Rb8 9. Rb1 a6 10. b4 cxb4 11. axb4 b5 12. cxb5 axb5 13. Bd2 Nd7 14. Qc1 Re8 15. Nxb5 Nxb4 16. Rxb4 Ba6 17. Nc7 Rxb4 18. Bxb4 1-0


[Site "https://www.chess.com"]

[Event "Titled Tuesday Blitz February 14 Late 2023"]
[White "Stachanczyk, Jacek"]
[Black "Carrasco Miranda, Andres"]
[WhiteFideId "1116657"]
[BlackFideId "3405990"]
[WhiteElo "2147"]
[BlackElo "2240"]
[Result "0-1"]
[Round "10"]
[TimeControl "180+2"]
[Date "2023.02.14"]
[WhiteClock "0:00:35"]
[BlackClock "0:00:14"]

1. e4 c5 2. Nf3 d6 3. d4 cxd4 4. Nxd4 Nf6 5. Nc3 a6 6. Bg5 e6 7. f4 Be7 8. Qf3 Qc7 9. O-O-O Nbd7 10. Bd3 b5 11. Rhe1 Bb7 12. Qg3 h6 13. Bh4 g5 14. fxg5 Nh5 15. Qf3 hxg5 16. Bf2 Ne5 17. Qe2 Nf4 18. Qf1 Rxh2 19. Bg3 Nfxd3+ 20. cxd3 Rh7 21. Kb1 b4 22. Na4 Qa5 23. b3 Nc6 24. Nc2 O-O-O 25. d4 Qb5 26. Qxb5 axb5 27. Nb2 f5 28. exf5 exf5 29. d5 Ne5 30. Nxb4 f4 31. Bf2 Bf6 32. Rc1+ Kb8 33. Bb6 Rdh8 34. Nc6+ Nxc6 35. dxc6 Bc8 36. Nd3 Bf5 37. Kc2 Rh2 38. Re2 f3 39. Rd2 Rxg2 40. c7+ Kb7 41. Bf2 Rc8 42. Kd1 g4 43. Nf4 Bg5 44. Nxg2 fxg2 45. Rxd6 Bxc1 46. Kxc1 Rxc7+ 47. Kd2 Rf7 48. Rb6+ Kc7 49. Rxb5 Be4 50. Be3 Rf3 51. Ba7 g3 52. Rg5 Rf2+ 53. Bxf2 gxf2 54. Rxg2 f1=Q 55. Rg7+ Kb6 0-1


[Site "https://www.chess.com"]